 Dungeon Crawl Stone Soup version 0.25-a0-1119-g28b6fd0c3b (webtiles) character file.

Game seed: 9324831164636896443, levelgen mode: deterministic

77 Esekla the Magician (level 4, 0/27 HPs)
             Began as an Octopode Wizard on May 17, 2020.
             Was an Initiate of Ashenzari.
             Killed from afar by Sigmund (10 damage)
             ... with a magic dart
             ... on level 2 of the Dungeon.
             The game lasted 00:12:57 (2176 turns).

Esekla the Magician (Octopode Wizard)               Turns: 2176, Time: 00:12:57

Health: 0/27       AC:  1    Str:  7    XL:     4   Next: 33%
Magic:  8/9        EV: 13    Int: 20    God:    Ashenzari [......]
Gold:   66         SH:  0    Dex: 10    Spells: 1/10 levels left

rFire    . . .     SeeInvis .   d - +0 short sword
rCold    . . .     Gourm    .   (no shield)
rNeg     . . .     Faith    +   a - +0 hat
rPois    .         Spirit   .   k - amulet of faith (curse)
rElec    .         Reflect  .   (no ring)
rCorr    .         Harm     .   (no ring)
MR       .....                  (no ring)
Stlth    +++.......             (no ring)
HPRegen  0.09/turn              (no ring)
MPRegen  0.11/turn              (no ring)
                                (no ring)
                                (no ring)

@: no status effects
A: almost no armour, stealthy swim, amphibious, 8 rings, constrict 8, camouflage
1, gelatinous body 1
a: Curse Item, Renounce Religion


You were on level 2 of the Dungeon.
You worshipped Ashenzari.
Ashenzari was noncommittal.
You were not hungry.

You visited 1 branch of the dungeon, and saw 2 of its levels.

You collected 66 gold pieces.

Inventory:

Hand Weapons
 d - a +0 short sword (weapon)
Missiles
 e - 8 boomerangs (quivered)
Armour
 a - a +0 hat (worn)
 f - a +0 buckler
Jewellery
 k - a cursed amulet of faith (around mantle)
Wands
 n - a wand of random effects (10)
Scrolls
 b - a scroll of noise {unknown}
 g - 2 scrolls of enchant weapon {unknown}
 h - 6 scrolls of identify {unknown}
 j - 2 scrolls of amnesia {unknown}
 l - a scroll of remove curse
 m - a scroll of teleportation {unknown}
 o - a scroll of enchant armour {unknown}
Potions
 i - 2 potions of berserk rage {unknown}
Comestibles
 c - 3 rations


   Skills:
 * Level 0.6 Fighting
 + Level 0.9 Short Blades
 * Level 2.2 Dodging
 + Level 3.1 Stealth
 * Level 1.0 Shields
 + Level 3.6 Spellcasting
 + Level 1.4 Conjurations
   Level 1.0 Summonings
 * Level 1.3 Translocations
 * Level 0.7 Air Magic
 * Level 0.4 Poison Magic


You had one spell level left.
You knew the following spells:

 Your Spells              Type           Power        Failure   Level  Hunger
a - Magic Dart            Conj           #...         8%          1    None
b - Blink                 Tloc           N/A          12%         2    ##.....
c - Mephitic Cloud        Conj/Pois/Air  #.......     28%         3    ###....
d - Conjure Flame         Conj/Fire      #.......     30%         3    ###....

Your spell library contained the following spells:

 Spells                   Type           Power        Failure   Level  Hunger
 Call Imp                 Summ           #.......     14%         2    ##.....
 Slow                     Hex            #.......     21%         2    ##.....


Dungeon Overview and Level Annotations

Branches:
Dungeon (2/15)

Altars:
Ashenzari
Qazlal

Annotations:
D:2 Sigmund


Innate Abilities, Weirdness & Mutations

You cannot wear most types of armour.
You are very stealthy in the water. (Stealth+)
You are amphibious.
You can wear up to eight rings at the same time.
You can use your tentacles to constrict eight enemies at once.
Your skin changes colour to match your surroundings (Stealth+).
Your rubbery body absorbs attacks. (AC +1, EV +1)


Message History

The hobgoblin is severely wounded.
You constrict the hobgoblin.
You kill the hobgoblin!
Things that are here:
a cursed -3 club; a bat corpse
Things that are here:
a cursed -3 club; a bat corpse You butcher the bat corpse.
p - a chunk of flesh
Things that are here:
a cursed -3 club; a bat skeleton Eat a chunk of flesh? (ye/n/q)
You eat the chunk of flesh.
This raw flesh tastes terrible.
A bat and Sigmund come into view.
The bat moves out of view.
There is an open door here.
Sigmund smiles chillingly.
Sigmund casts a spell at you. The magic dart hits you!
You die...

###+##.#..#.##.####.###
#.........##§...§#
###..#.#####.....### .
#<.#.# #...._....# ..
####.###.#.....#.# ...#
#.#...#....○#.# 8....##
#.#...###.###.##
#......#####+#........##...
#8$..@.)'@...#######.#####
#......###....# ###.#
8....## #.....# #...# ##
...# #)##'## #.### #< ..
#..#÷# ####.# ## . ##.#.#
#....# # #.#.###'#### #
#.#......# ##### #........#
#....


You could see Sigmund.

Vanquished Creatures
  Natasha (D:2)
  An adder (D:2)
  An ooze (D:1)
  A worm (D:2)
  2 leopard geckos
  A giant cockroach (D:2)
  4 goblins
  5 hobgoblins
  2 ball pythons
  5 bats
  6 frilled lizards
  4 kobolds
  6 rats
39 creatures vanquished.

Notes
Turn   | Place    | Note
-------+----------+-------------------------------------------
     0 | D:1      | Esekla the Octopode Wizard began the quest for the Orb.
     0 | D:1      | Reached XP level 1. HP: 11/11 MP: 4/4
    39 | D:1      | Found a shattered altar of Ashenzari.
   114 | D:1      | Became a worshipper of Ashenzari the Shackled
   276 | D:1      | Reached XP level 2. HP: 17/17 MP: 6/6
   280 | D:1      | Learned a level 2 spell: Blink
  1059 | D:2      | Reached XP level 3. HP: 8/21 MP: 0/8
  1064 | D:2      | Learned a level 3 spell: Mephitic Cloud
  1068 | D:2      | Learned a level 3 spell: Conjure Flame
  1666 | D:2      | Found a stormy altar of Qazlal.
  1907 | D:2      | Noticed Natasha
  1915 | D:2      | Killed Natasha
  1915 | D:2      | Reached XP level 4. HP: 7/27 MP: 7/9
  1917 | D:2      | Reached skill level 1 in Shields
  2174 | D:2      | Noticed Sigmund
  2176 | D:2      | Killed from afar by Sigmund

Illustrated notes

Levels and vault maps discovered:
D:1:      onia_arrival_handbag, layout_basic, nicolae_ashenzari_panopticon
D:2:      layout_basic, minmay_overflow_temple_star_quad, grunt_qazlal_clouds,
          first_ration, st_stairs_8, uniq_sigmund, uniq_natasha

Skill      XL: |  1  2  3  4 |
---------------+-------------+-----
Stealth        | 3 |  3.1
Shields        | 1 |  1.0
Fighting       | |  0.6
Short Blades   | |  0.9
Dodging        | |  2.2
Spellcasting   | |  3.6
Conjurations   | |  1.4
Summonings     | |  1.0
Translocations | |  1.3
Air Magic      | |  0.7
Poison Magic   | |  0.4

Action                   |  1- 3 |  4- 6 || total
-------------------------+-------+-------++-------
Melee: Short sword       |    49 |     7 ||    56
       Constrict         |    14 |     2 ||    16
       Tentacles         |     5 |     2 ||     7
 Cast: Magic Dart        |    45 |     3 ||    48
Invok: Curse Item        |     1 |       ||     1
 Stab: Sleeping          |     8 |       ||     8
  Eat: Chunk             |     3 |     1 ||     4
Armor: Skin              |     7 |     2 ||     9
Dodge: Dodged            |    32 |    12 ||    44

Table legend:
 A = Non-vault XP
 B = Vault XP
 C = Vault XP percentage of total XP
 D = Non-vault monster count
 E = Vault monster count
 F = Vault count percentage of total count
                 A         B        C        D         E       F
            +---------+---------+-------+---------+---------+-------
      Total |      69 |      41 |  37.3 |      33 |       6 |  15.4
            +---------+---------+-------+---------+---------+-------
        D:1 |      24 |       4 |  14.3 |      14 |       4 |  22.2
        D:2 |      45 |      37 |  45.1 |      19 |       2 |   9.5
            +---------+---------+-------+---------+---------+-------
